Map: Temple gelé

Players

Vondce - Winner!

  • Race: Protoss Protoss
  • League: Gold
  • Spawn Location: 5:00

zidar

  • Race: Zerg Zerg
  • League: Gold
  • Spawn Location: 11:00

VOD

Have the link to the VOD?

Description

Time

  • Played on: May 31, 2016, 2:21 p.m.
  • Length: 8:58
Show
View Real Time Build Order
Export as new Build Order

Vondce Protoss - Winner!

Build Orders: 1 Gate Expand 

Get SALT Encoding   

  12  0:02  Probe (Chrono Boost)  
  13  0:12  Probe (Chrono Boost)  
  14  0:22  Pylon  
  14  0:25  Probe (Chrono Boost)  
  15  0:41  Probe (Chrono Boost), Gateway  
  16  0:51  Probe (Chrono Boost)  
  17  0:59  Assimilator  
  17  1:02  Probe (Chrono Boost)  
  18  1:12  Probe (Chrono Boost)  
  19  1:28  Nexus  
  19  1:35  Pylon  
  19  1:47  Cybernetics Core  
  19  1:50  Zealot  
  21  2:04  Probe (Chrono Boost)  
  22  2:14  Probe (Chrono Boost), Assimilator  
  23  2:23  Pylon  
  23  2:24  Adept  
  23  2:27  Probe (Chrono Boost)  
  26  2:37  Probe (Chrono Boost)  
  27  2:44  Probe (Chrono Boost)  
  27  2:48  Probe (Chrono Boost)  
  29  2:55  Probe (Chrono Boost)  
  30  2:59  Robotics Facility  
  30  3:04  Pylon  
  30  3:10  Twilight Council  
  30  3:18  Probe x2 (Chrono Boost)  
  32  3:22  Pylon  
  32  3:25  Stalker  
  34  3:28  Probe (Chrono Boost)  
  35  3:36  Mothership Core (Chrono Boost)  
  38  3:47  Warp Prism  
  39  3:59  Charge  
  39  4:00  Probe x2 (Chrono Boost)  
  41  4:11  Probe x2 (Chrono Boost)  
  43  4:27  Adept  
  45  4:33  Pylon  
  45  4:34  Probe x2 (Chrono Boost)  
  45  4:37  Immortal (Chrono Boost)  
  51  4:43  Probe  
  53  4:45  Probe  
  53  4:54  Probe  
  53  4:57  Probe  
  51  5:10  Gateway, Warp Gate (Chrono Boost)  
  51  5:11  Gateway  
  51  5:13  Gateway  
  49  5:16  Gateway  
  49  5:17  Gateway  
  46  5:22  Stalker  
  48  5:33  Pylon  
  47  5:48  Immortal  
  47  5:49  Probe x2  
  49  5:52  Stalker  
  55  6:01  Probe x2  
  57  6:17  Gateway  
  57  6:20  Gateway  
  57  6:21  Gateway  
  57  6:22  Pylon  
  59  6:26  Pylon  
  59  6:28  Pylon  
  59  6:29  Gateway  
  57  7:08  Pylon  
  57  7:10  Pylon  
  57  7:11  Pylon  
  57  7:22  Zealot  
  57  7:23  Zealot x2  
  57  7:24  Zealot x3  
  57  7:25  Zealot x4  
  77  7:51  Zealot  
  77  7:52  Zealot x3  
  77  7:53  Zealot x4  
  93  8:16  Zealot  
  93  8:17  Zealot x4  
  93  8:18  Zealot x3  
  109  8:34  Templar Archives, Zealot  
  105  8:35  Zealot  
  109  8:48  Zealot x4  
  111  8:49  Zealot  
  111  8:55  Zealot  
Show
View Real Time Build Order
Export as new Build Order

zidar Zerg 

Build Orders: Pool First 

Get SALT Encoding   

  12  0:01  Drone  
  13  0:12  Overlord  
  13  0:18  Drone  
  14  0:30  Drone x2  
  14  0:34  Drone  
  17  0:45  Drone  
  18  0:52  Spawning Pool  
  17  1:15  Drone  
  17  1:16  Hatchery  
  17  1:25  Drone  
  18  1:28  Extractor  
  18  1:30  Overlord  
  18  1:32  Drone  
  18  1:41  Queen  
  18  1:45  Drone  
  21  1:56  Drone  
  21  2:22  Zergling x4  
  23  2:24  Queen  
  23  2:27  Drone  
  26  2:50  Metabolic Boost  
  26  2:51  Roach Warren  
  26  2:54  Extractor  
  24  3:08  Overlord  
  24  3:10  Zergling x14  
  31  3:25  Drone  
  32  3:34  Roach x4  
  40  3:47  Drone x3  
  43  4:01  Lair  
  40  4:27  Roach  
  40  4:28  Roach  
  40  4:30  Overlord x2  
  40  4:31  Overlord  
  30  5:44  Roach x7  
  30  5:45  Roach x5  
  54  5:58  Drone  
  54  6:00  Drone x2  
  57  6:13  Hydralisk Den  
  56  6:27  Hatchery  
  56  6:29  Drone x5  
  60  6:36  Extractor  
  60  6:39  Extractor  
  58  6:42  Zergling x10  
  63  7:08  Hydralisk x2  
  65  7:12  Overlord x2  
  65  7:13  Overlord  
  67  7:27  Pneumatized Carapace  
  67  7:30  Muscular Augments  
  67  7:39  Evolution Chamber  
  67  7:40  Evolution Chamber  
  67  7:41  Drone x3  
  70  7:55  Hydralisk  
  67  8:32  Hydralisk x7  
Tags
 
Add a new tag
Caveats
  • Supply blocks, unpowered buildings, or Contaminate may cause inaccurate times.
  • Supply counts are checked every 10 seconds.